 Dungeon Crawl Stone Soup version 0.24-a0-230-g536ed4e (webtiles) character file.

Game seed: 17736281684520768685

89698 xeno23 the Unseen (level 15, -2/101 HPs)
             Began as an Octopode Assassin on Apr 1, 2019.
             Was a High Priest of Uskayaw.
             Killed from afar by a deep elf annihilator (37 damage)
             ... with a poison arrow
             ... on level 3 of the Elven Halls on Apr 2, 2019.
             The game lasted 02:27:31 (25082 turns).

xeno23 the Unseen (Octopode Assassin)              Turns: 25082, Time: 02:27:32

Health: -2/101     AC:  6    Str: 14    XL:     15   Next: 98%
Magic:  0/29       EV: 19    Int: 17    God:    Uskayaw [*****.]
Gold:   1052       SH:  7    Dex: 17    Spells: 9/20 levels left

rFire    + + .     SeeInvis +   a - +8 trident (pierce)
rCold    x . .     Gourm    .   E - +2 buckler
rNeg     . . .     Faith    .   X - +2 hat
rPois    .         Spirit   +   Y - amulet of guardian spirit
rElec    .         Reflect  .   m - +2 ring of strength
rCorr    +         Harm     .   C - ring of fire
MR       +++..                  D - +3 ring of protection
Stlth    ++++++++..             K - ring of see invisible
HPRegen  0.26/turn              A - ring of protection from magic
MPRegen  0.21/turn              M - ring of resist corrosion
                                b - ring of magical power
                                (no ring)

@: lethally poisoned (-2 -> -11)
A: almost no armour, stealthy swim, amphibious, 8 rings, constrict 8, tentacle
spike 1, camouflage 1, blurry vision 1, clever 1, fire resistance 1, magic
resistance 1, gelatinous body 1, subdued magic 1
a: Stomp, Line Pass, Grand Finale, Renounce Religion


You were on level 3 of the Elven Halls.
You worshipped Uskayaw.
Uskayaw was noncommittal.
You were not hungry.

You visited 5 branches of the dungeon, and saw 21 of its levels.
You also visited: Ossuary.

You collected 2554 gold pieces.
You spent 1502 gold pieces at shops.

Inventory:

Hand Weapons
 a - a +8 trident of piercing (weapon)
 n - a +4 scimitar of electrocution
 s - a +0 blowgun
 u - a +2 dagger of venom
Missiles
 c - 83 poisoned needles
 l - 7 needles of sleeping
 I - 13 javelins (quivered)
 W - 5 needles of confusion
Armour
 E - a +2 buckler (worn)
 X - a +2 hat (worn)
Jewellery
 b - a ring of magical power (on tentacle)
 m - a +2 ring of strength (left tentacle)
 A - a ring of protection from magic (on tentacle)
 C - a ring of fire (right tentacle)
 D - a +3 ring of protection (on tentacle)
 K - a ring of see invisible (on tentacle)
 M - a ring of resist corrosion (on tentacle)
 Y - an amulet of guardian spirit (around mantle)
Wands
 k - a wand of iceblast (6)
 S - a wand of disintegration (9)
 T - a wand of clouds (5)
 U - a wand of polymorph (13)
 Z - a wand of paralysis (6)
Scrolls
 d - a scroll of brand weapon
 i - 2 scrolls of immolation
 q - 5 scrolls of blinking
 r - a scroll of enchant armour
 t - 5 scrolls of magic mapping
 w - a scroll of identify
 y - 6 scrolls of remove curse
 F - 3 scrolls of enchant weapon
 J - 2 scrolls of vulnerability
 L - 4 scrolls of amnesia
 P - 7 scrolls of teleportation
 Q - a scroll of fog {unknown}
 R - 2 scrolls of fear
 V - a scroll of silence {unknown}
Potions
 e - 5 potions of flight
 h - 2 potions of agility
 j - 2 potions of resistance
 o - 4 potions of ambrosia
 p - 3 potions of haste
 v - 3 potions of invisibility
 x - 3 potions of heal wounds
 z - 3 potions of curing
 B - a potion of cancellation
 H - a potion of lignification
 N - 3 potions of might
 O - 3 potions of brilliance
Miscellaneous
 g - a phantom mirror
Comestibles
 f - 31 rations


   Skills:
 - Level 9.0 Fighting
 - Level 3.4 Short Blades
 - Level 12.7 Polearms
 - Level 7.0 Throwing
 - Level 8.9 Dodging
 - Level 17.1 Stealth
 - Level 4.0 Shields
 - Level 3.0 Spellcasting
 - Level 3.0 Conjurations
 * Level 11.8 Hexes
 - Level 3.0 Charms
 - Level 3.0 Fire Magic
 - Level 3.0 Air Magic
 - Level 6.8 Invocations
 - Level 6.0 Evocations


You had 9 spell levels left.
You knew the following spells:

 Your Spells              Type           Power        Failure   Level  Hunger
a - Conjure Flame         Conj/Fire      ##......     13%         3    ###....
c - Swiftness             Chrm/Air       ##......     6%          2    ##.....
s - Invisibility          Hex            ####....     17%         6    #######

Your spell library contained the following spells:

 Spells                   Type           Power        Failure   Level  Hunger
 Inner Flame              Hex/Fire       ####....     1%          3    ###....
 Flame Tongue             Conj/Fire      ##...        3%          1    None
 Summon Guardian Golem    Hex/Summ       ###.....     3%          3    ###....
 Throw Flame              Conj/Fire      ##....       6%          2    ##.....
 Poisonous Vapours        Pois/Air       #.....       12%         2    ##.....
 Summon Butterflies       Summ           #.......     14%         1    None
 Summon Small Mammal      Summ           #...         14%         1    None
 Darkness                 Hex            ####......   17%         6    #######
 Mephitic Cloud           Conj/Pois/Air  #.......     19%         3    ###....
 Call Imp                 Summ           #.......     22%         2    ##.....
 Passwall                 Tmut/Erth      #.......     22%         2    ##.....
 Call Canine Familiar     Summ           #.......     41%         3    ###....
 Sticky Flame             Conj/Fire      ##......     41%         4    ####...
 Summon Lightning Spire   Summ/Air       #.......     63%         4    ####...
 Fireball                 Conj/Fire      ##........   77%         5    ######.
 Passage of Golubria      Tloc           N/A          83%         4    ####...
 Summon Ice Beast         Ice/Summ       #.......     83%         4    ####...
 Lee's Rapid Deconstruct  Erth           #.........   99%         5    ######.
 Bolt of Fire             Conj/Fire      ##........   100%        6    #######
 Freezing Cloud           Conj/Ice/Air   #.........   100%        6    #######
 Ring of Flames           Chrm/Fire      ##........   100%        7    #######
 Summon Hydra             Summ           #.........   100%        7    #######


Dungeon Overview and Level Annotations

Branches:
Dungeon (9/15)             Temple (1/1) D:4            Lair (6/6) D:8
 Shoals (0/4) Lair:4        Snake (0/4) Lair:3        Slime (0/5) Lair:5
    Orc (2/2) D:9             Elf (3/3) Orc:2

Altars:
Ashenzari
Cheibriados
Dithmenos
Elyvilon
Fedhas
Gozag
Hepliaklqana
Kikubaaqudgha
Makhleb
Nemelex Xobeh
Okawaru
Qazlal
Ru
Sif Muna
Trog
Uskayaw
Vehumet
Wu Jian
Xom
Yredelemnul
Zin
The Shining One
Beogh

Shops:
D:5 [%   D:7 (   D:9 ?*:[   Orc:2 (%}*   Elf:2 (


Innate Abilities, Weirdness & Mutations

You cannot wear most types of armour.
You are very stealthy in the water. (Stealth+)
You are amphibious.
You can wear up to eight rings at the same time.
You can use your tentacles to constrict eight enemies at once.
Your skin changes colour to match your surroundings (Stealth+).
Your rubbery body absorbs attacks. (AC +1, EV +1)
One of your tentacles bears a spike.
Scrolls take you a little longer to read.
Your mind is acute. (Int +2)
Your flesh is heat resistant. (rF+)
You are resistant to hostile enchantments. (MR+)
Your spells are a little easier to cast, but a little less powerful.


Message History

You puncture the deep elf annihilator! You grab the deep elf annihilator.
The deep elf annihilator is moderately wounded.
You constrict the deep elf annihilator.
The deep elf annihilator points at you and mumbles some strange words.
The iron shot hits you!!!
You take 35 damage.
Press: ? - help, v - describe, . - travel
Here: a deep elf annihilator, wielding a +0 dagger (moderately wounded, constricted by you)
The floor, spattered with blood.
You impale the deep elf annihilator!!
You pierce the deep elf annihilator.
You squeeze the deep elf annihilator!
The deep elf annihilator is severely wounded.
You constrict the deep elf annihilator. You hit the deep elf annihilator.
You squeeze the deep elf annihilator.
The deep elf annihilator is almost dead.
You constrict the deep elf annihilator.
The deep elf annihilator points at you and mumbles some strange words.
The poison arrow hits you!!!
You are poisoned.
You die...

#..# ##+## ##..# .
...###...#+ ##...#
..##........#####.....#
#. #...##.......##......#
...
................##...#..
#.........(##..#...##..
#..#........#))..#.......
..#.......e#.#e#E....#
#.......@#....#...##e..
#...#..<....##..##e..
#...#########...........
..... .###....e.. ##...#
#.. .... .. #### ###.
..e. . #.#### #. #+


You could see a deep elf annihilator.

Vanquished Creatures
  Gastronok (Lair:2)
  A deep elf sorcerer (Elf:1)
  A deep elf death mage (Elf:1)
  The ghost of Yolobob the Geomancer, a journeyman GrEE of Vehumet (Lair:2)
  3 hydras
  22 dancing weapons
  2 two-headed ogres
  2 death yaks (Lair:4)
  8 orc high priests
  10 deep elf knights
  Nergalle (Lair:4)
  4 deep elf archers
  2 oklob plants (Lair:5)
  30 deep elf magi
  An orc sorcerer (Orc:1)
  A wolf spider (Lair:6)
  4 elephants
  5 black mambas
  A merfolk siren (Lair:4)
  A guardian serpent (Lair:6)
  A torpor snail (Lair:4)
  15 spiny frogs
  3 rime drakes
  10 komodo dragons
  A troll (D:8)
  8 hippogriffs
  2 hornets (Lair:6)
  11 dream sheep (Lair:6)
  Prince Ribbit (D:7)
  16 wyverns
  5 redbacks (Lair:6)
  A water elemental (Elf:2)
  A vampire (D:9)
  34 yaks
  2 fire elementals
  4 basilisks
  8 wargs
  4 nagas (Lair:3)
  17 water moccasins
  10 porcupines
  12 orc warriors
  3 ice beasts
  A swamp drake (D:9)
  4 sky beasts
  A black bear (D:7)
  9 ogres
  A phantom (D:8)
  41 wolves
  2 centaurs
  15 crocodiles
  Blork the orc (D:5)
  4 big kobolds
  14 bullfrogs
  2 earth elementals
  A gnoll sergeant (D:5)
  A scorpion (D:4)
  6 killer bees (D:9)
  2 vampire bats (D:5)
  8 wights (D:8)
  2 howler monkeys
  8 crimson imps
  6 jellies
  A centaur zombie (D:7)
  2 quasits
  3 hounds
  22 orc wizards
  3 bullfrog skeletons
  29 orc priests
  An iguana (D:9)
  Terence (D:2)
  6 worker ants
  7 hell rats
  A hound zombie (D:5)
  A hound skeleton (D:5)
  8 mummies (Ossuary)
  8 gnolls (D:5)
  6 adders
  A howler monkey skeleton (D:9)
  2 shadow imps
  12 oozes
  2 adder skeletons
  4 worms
  A dart slug (D:1)
  8 leopard geckos
  78 orcs
  11 bats
  7 giant cockroaches
  A gnoll zombie (Ossuary)
  8 goblins
  4 hobgoblins
  11 jackals
  24 kobolds
  5 quokkas
  7 ball pythons
  4 frilled lizards
  3 hobgoblin zombies (Ossuary)
  A jackal skeleton (D:5)
  2 kobold zombies (Ossuary)
  2 orc zombies (Ossuary)
  A quokka skeleton (D:5)
  2 quokka zombies (D:6)
  7 rats
  2 fungi (Lair:3)
  2 plants
710 creatures vanquished.

Vanquished Creatures (others)
  2 orcs (Orc:2)
  16 fungi
  30 plants
48 creatures vanquished.

Grand Total: 758 creatures vanquished

Notes
Turn   | Place    | Note
-------+----------+-------------------------------------------
     0 | D:1      | xeno23 the Octopode Assassin began the quest for the Orb.
     0 | D:1      | Reached XP level 1. HP: 14/14 MP: 1/1
   127 | D:1      | Reached XP level 2. HP: 19/19 MP: 2/2
   218 | D:1      | Reached skill level 1 in Shields
   227 | D:1      | Reached XP level 3. HP: 12/24 MP: 3/3
   794 | D:2      | Found a faded altar of an unknown god.
  1088 | D:2      | Reached skill level 6 in Stealth
  1100 | D:2      | Reached XP level 4. HP: 19/29 MP: 4/4
  1195 | D:2      | Noticed Terence
  1199 | D:2      | Killed Terence
  1395 | D:2      | Reached XP level 5. HP: 35/35 MP: 5/5
  1526 | D:2      | Found a burning altar of Makhleb.
  1526 | D:2      | Noticed a balrug
  1529 | D:2      | Noticed an orange demon
  1529 | D:2      | Noticed a ynoxinul
  2447 | D:4      | Reached XP level 6. HP: 41/41 MP: 6/6
  2592 | D:4      | Got a shimmering flail
  2596 | D:4      | Found a staircase to the Ecumenical Temple.
  2605 | Temple   | Entered the Ecumenical Temple
  2859 | Temple   | Became a worshipper of Uskayaw the Reveler
  2942 | D:4      | Reached * piety under Uskayaw
  3061 | D:5      | Entered Level 5 of the Dungeon
  3117 | D:5      | Reached skill level 7 in Stealth
  3120 | D:5      | Reached ** piety under Uskayaw
  3148 | D:5      | Found Jogeitia's Antique Armour Emporium.
  3196 | D:5      | Found a glowing silver altar of Zin.
  3196 | D:5      | Found a radiant altar of Vehumet.
  3198 | D:5      | Found a bloodstained altar of Trog.
  3198 | D:5      | Found an opulent altar of Gozag.
  3198 | D:5      | Found a sacrificial altar of Ru.
  3205 | D:5      | Found Noych's Food Shoppe.
  3300 | D:5      | Identified the +7 flail "Joclaf" {chaos, Dex+3} (You found
                  | it on level 4 of the Dungeon)
  3305 | D:5      | Noticed Blork the orc
  3313 | D:5      | Killed Blork the orc
  3376 | D:5      | Reached XP level 7. HP: 15/46 MP: 7/7
  3376 | D:5      | Reached *** piety under Uskayaw
  3603 | D:5      | Reached **** piety under Uskayaw
  3605 | D:5      | Reached ***** piety under Uskayaw
  3918 | D:5      | Reached skill level 8 in Stealth
  4188 | D:5      | Reached skill level 1 in Polearms
  4188 | D:5      | Reached XP level 8. HP: 17/52 MP: 8/8
  4305 | D:5      | Got a warped mace
  4307 | D:5      | Identified the +1 mace of Crusades {crush, rPois Int-5
                  | SInv} (You found it on level 5 of the Dungeon)
  4416 | D:6      | Found a sand-covered staircase.
  4429 | Ossuary  | Entered an ossuary
  4474 | Ossuary  | Reached skill level 9 in Stealth
  4620 | Ossuary  | Gained mutation: You are somewhat resistant to further
                  | mutation. [potion of mutation]
  4620 | Ossuary  | Gained mutation: You are weak. (Str -2) [potion of
                  | mutation]
  4621 | Ossuary  | Lost mutation: You are weak. (Str -2) [potion of mutation]
  4621 | Ossuary  | Lost mutation: You are somewhat resistant to further
                  | mutation. [potion of mutation]
  4621 | Ossuary  | Gained mutation: Your body sometimes deteriorates upon
                  | taking damage. [potion of mutation]
  4621 | Ossuary  | Gained mutation: You are weak. (Str -2) [potion of
                  | mutation]
  4621 | Ossuary  | Gained mutation: Your spells are a little easier to cast,
                  | but a little less powerful. [potion of mutation]
  4621 | Ossuary  | Gained mutation: You possess an exceptional clarity of
                  | mind. [potion of mutation]
  4800 | D:6      | Found a blossoming altar of Fedhas.
  5154 | D:7      | Reached XP level 9. HP: 54/59 MP: 9/9
  5169 | D:7      | Noticed Prince Ribbit
  5192 | D:7      | Killed Prince Ribbit
  5192 | D:7      | Reached skill level 10 in Stealth
  5344 | D:7      | Found a blossoming altar of Fedhas.
  5388 | D:7      | Found Vitsotedgh's Weapon Emporium.
  5655 | D:8      | Noticed an elephant
  5690 | D:8      | Noticed a two-headed ogre
  5808 | D:7      | Reached skill level 5 in Fighting
  5808 | D:7      | Reached skill level 5 in Throwing
  5894 | D:7      | Reached skill level 5 in Polearms
  6106 | D:7      | Reached skill level 11 in Stealth
  6319 | D:7      | Reached skill level 5 in Dodging
  6411 | D:8      | Reached XP level 10. HP: 61/66 MP: 10/10
  6488 | D:8      | Killed an elephant
  6514 | D:8      | Found a staircase to the Lair.
  6763 | D:8      | Killed a two-headed ogre
  6763 | D:8      | Reached skill level 12 in Stealth
  7523 | D:8      | Learned a level 3 spell: Conjure Flame
  7566 | Lair:1   | Entered Level 1 of the Lair of Beasts
  7927 | Lair:1   | Reached skill level 1 in Conjurations
  7939 | Lair:1   | Reached skill level 1 in Fire Magic
  8138 | Lair:1   | Reached skill level 1 in Spellcasting
  8138 | Lair:1   | Reached XP level 11. HP: 72/72 MP: 12/12
  8155 | Lair:1   | Noticed a seven-headed hydra
  8470 | Lair:2   | Reached skill level 13 in Stealth
  8872 | Lair:2   | Found a runed translucent gate.
  8874 | Lair:2   | Found a runed translucent gate.
  8875 | Lair:2   | Found a runed translucent gate.
  8876 | Lair:2   | Noticed Yolobob's ghost (journeyman GrEE)
  8986 | Lair:2   | Noticed Gastronok
 10217 | Lair:2   | Killed Gastronok
 10217 | Lair:2   | Reached skill level 1 in Invocations
 10217 | Lair:2   | Reached skill level 1 in Evocations
 11062 | Lair:3   | Reached XP level 12. HP: 53/80 MP: 10/16
 11090 | Lair:3   | Reached ****** piety under Uskayaw
 11135 | Lair:3   | Reached skill level 14 in Stealth
 11282 | Lair:3   | Noticed a five-headed hydra
 11420 | Lair:3   | Found a staircase to the Snake Pit.
 11461 | Lair:3   | Killed a five-headed hydra
 12143 | Lair:4   | Noticed a death yak
 12144 | Lair:4   | Noticed a death yak
 12531 | Lair:4   | Lost mutation: Your body sometimes deteriorates upon taking
                  | damage. [potion of mutation]
 12531 | Lair:4   | Lost mutation: Your spells are a little easier to cast, but
                  | a little less powerful. [potion of mutation]
 12531 | Lair:4   | Gained mutation: Your spells are a little easier to cast,
                  | but a little less powerful. [potion of mutation]
 12531 | Lair:4   | Gained mutation: Your mind is acute. (Int +2) [potion of
                  | mutation]
 12532 | Lair:4   | Lost mutation: You are weak. (Str -2) [potion of mutation]
 12532 | Lair:4   | Lost mutation: You possess an exceptional clarity of mind.
                  | [potion of mutation]
 12532 | Lair:4   | Lost mutation: Your mind is acute. (Int +2) [potion of
                  | mutation]
 12532 | Lair:4   | Gained mutation: You are resistant to hostile enchantments.
                  | (MR+) [potion of mutation]
 12532 | Lair:4   | Gained mutation: Your mind is acute. (Int +2) [potion of
                  | mutation]
 12532 | Lair:4   | Gained mutation: Your flesh is heat resistant. (rF+)
                  | [potion of mutation]
 12532 | Lair:4   | Gained mutation: One of your tentacles bears a spike.
                  | [potion of mutation]
 12603 | Lair:4   | Noticed Nergalle
 12846 | Lair:4   | Killed Nergalle
 13138 | Lair:4   | Reached skill level 15 in Stealth
 13255 | Lair:4   | Found a staircase to the Shoals.
 13858 | Lair:4   | Killed a death yak
 13858 | Lair:4   | Reached XP level 13. HP: 75/88 MP: 17/17
 13938 | Lair:4   | Reached skill level 10 in Polearms
 14303 | Lair:5   | Found a staircase to the Slime Pits.
 14470 | Lair:5   | Reached skill level 5 in Invocations
 14519 | Lair:5   | Reached skill level 5 in Evocations
 14597 | Lair:5   | You fall through a shaft!
 14597 | Lair:6   | Entered Level 6 of the Lair of Beasts
 15516 | Lair:6   | Reached skill level 16 in Stealth
 17088 | Lair:6   | Reached XP level 14. HP: 58/95 MP: 13/18
 18129 | Lair:2   | Killed Yolobob's ghost
 18365 | Lair:1   | Upgraded the game from 0.24-a0-228-g05560da to
                  | 0.24-a0-230-g536ed4e
 18407 | D:9      | Found Upapleon's Magic Scroll Shoppe.
 18416 | D:9      | Bought a scroll of magic mapping for 45 gold pieces
 18416 | D:9      | Bought a scroll of identify for 26 gold pieces
 18416 | D:9      | Bought a scroll of blinking for 97 gold pieces
 18470 | D:9      | Reached skill level 17 in Stealth
 18539 | D:9      | Found Bucw's Armour Shop.
 18547 | D:9      | Bought a +2 buckler for 247 gold pieces
 18561 | D:9      | Found Muist's Book Boutique.
 18569 | D:9      | Bought a book of Burglary for 975 gold pieces
 18576 | D:9      | Learned a level 6 spell: Invisibility
 18579 | D:9      | Learned a level 2 spell: Swiftness
 18776 | D:9      | Found a shattered altar of Ashenzari.
 18943 | D:9      | Found a staircase to the Orcish Mines.
 18947 | D:9      | Reached skill level 1 in Hexes
 19080 | D:9      | Found Eggude's General Store.
 19127 | D:9      | Bought a scroll of identify for 30 gold pieces
 19127 | D:9      | Bought a scroll of identify for 30 gold pieces
 19305 | Orc:1    | Entered Level 1 of the Orcish Mines
 19942 | Orc:2    | Entered Level 2 of the Orcish Mines
 19954 | Orc:2    | Reached skill level 1 in Charms
 20093 | Orc:2    | Reached skill level 1 in Air Magic
 20663 | Orc:2    | Found Etepn's General Store.
 20663 | Orc:2    | Found Laynacos's Gadget Boutique.
 20975 | Orc:2    | Bought a scroll of identify for 26 gold pieces
 20975 | Orc:2    | Bought a scroll of identify for 26 gold pieces
 21145 | Orc:2    | Found Xuidghi's Food Emporium.
 21145 | Orc:2    | Found Hajydais's Antique Weapon Boutique.
 21154 | Orc:2    | Found a roughly hewn altar of Beogh.
 21288 | Orc:2    | Found a staircase to the Elven Halls.
 21465 | Elf:1    | Entered Level 1 of the Elven Halls
 21835 | Elf:1    | Reached skill level 5 in Hexes
 21849 | Elf:1    | Reached XP level 15. HP: 96/101 MP: 20/20
 21894 | Elf:1    | Noticed a deep elf sorcerer
 22078 | Elf:1    | Killed a deep elf sorcerer
 22079 | Elf:1    | Identified the Catalogue of Confrontation and the Escort
 22609 | Elf:2    | Found Ahuann's Antique Weapon Shoppe.
 22961 | Elf:2    | Found a runed translucent gate.
 22961 | Elf:2    | Found a runed translucent gate.
 22962 | Elf:2    | Found a runed translucent gate.
 24124 | Elf:2    | Reached skill level 10 in Hexes
 24513 | Elf:2    | Gained mutation: Scrolls take you a little longer to read.
                  | [mutagenic glow]
 25020 | Elf:3    | Entered Level 3 of the Elven Halls
 25082 | Elf:3    | Killed from afar by a deep elf annihilator

Levels and vault maps discovered:
D:1:      elethiomel_arrival_shortcut, layout_basic, serial_glass,
          glass_columns_c, glass_columns_c, glass_columns_b, glass_columns_b,
          minmay_split_cup_small
D:2:      layout_basic, makhleb_altar_promises_db, first_ration,
          chequers_ecumenical_altar_simple_redux, uniq_terence
D:3:      layout_basic
D:4:      layout_rooms, minmay_temple_entry_statues_pillars, minivault_23
D:5:      minmay_opposing_rooms, layout_basic, grunt_temple_overflow_open,
          serial_shops, nicolae_shop_statue_plus, shop_statue, roderic_batcave,
          serial_bayou_pond_d, uniq_blork_the_orc
D:6:      layout_rooms, enter_ossuary_4, serial_corexii_hall,
          corexii_hall_statues_l, corexii_hall_statues_u, fedhas_altar_4
D:7:      layout_rooms, nicolae_overflow_crystal_walls, serial_shops,
          nicolae_shop_waterfront, uniq_prince_ribbit1
D:8:      cheibrodos_barr_body, layout_gridville, david_lair_generic,
          grunt_pizzeria, grunt_ministairs_10
D:9:      layout_loops_ring, erik_orc_1, serial_shops, shop, shop_statue,
          nicolae_shop_competitors_out_of_business, shop,
          evilmike_ruin_ashenzari
Temple:   regret_index_temple_generic_petals
Lair:1:   layout_small_grid, nzn_random_ring, serial_bayou_shore_b
Lair:2:   layout_chaotic_city, ebering_ghost_rock_garden, minivault_27,
          uniq_gastronok
Lair:3:   layout_cave_pods, minmay_snake_entry_guardpost_small,
          grunt_forest_large_clearings
Lair:4:   layout_regular_city, minmay_shoals_entry_lonely_mermaid,
          beast_lair_carwin_9, grunt_megastairs_5, uniq_nergalle
Lair:5:   layout_small_grid, nicolae_slime_entry_slimehenge,
          grunt_forest_small_clearings, minmay_lair_oklob_chamber
Lair:6:   hangedman_lair_tendril_chambers, layout_regular_city
Orc:1:    layout_diamond_mine
Orc:2:    st_orc_town, layout_caves
Elf:1:    layout_loops_cross, minmay_elf_sorcery, item_on_display_a
Elf:2:    layout_geoelf_octagon, serial_shops, shop
Elf:3:    minmay_elf_hall_furrowed, layout_geoelf_grid, serial_sigils,
          serial_sigils_hangedman_stare, serial_sigils_hangedman_leer,
          serial_sigils_hangedman_scar, serial_sigils_hangedman_confine,
          serial_sigils_hangedman_gut, serial_sigils_hangedman_scratch
Ossuary:  ossuary_tomb_3

Skill      XL: |  1  2  3  4  5  6  7  8  9 10 11 12 13 14 15 |
---------------+----------------------------------------------+-----
Shields        | 1 2 3 4 |  4.0
Stealth        | 6 7 8 9 11 12 13 15 16 17 | 17.1
Dodging        | 2 3 4 5 6 7 8 |  8.9
Fighting       | 3 4 5 6 7 8 9 |  9.0
Short Blades   | 3 |  3.4
Throwing       | 3 4 5 6 7 |  7.0
Polearms       | 1 3 5 7 8 9 11 12 | 12.7
Conjurations   | 1 3 |  3.0
Fire Magic     | 1 2 3 |  3.0
Spellcasting   | 1 2 3 |  3.0
Invocations    | 2 4 6 |  6.8
Evocations     | 2 4 6 |  6.0
Hexes          | 5 11 | 11.8
Charms         | 3 |  3.0
Air Magic      | 3 |  3.0

Action                   |  1- 3 |  4- 6 |  7- 9 | 10-12 | 13-15 || total
-------------------------+-------+-------+-------+-------+-------++-------
Melee: Dagger            |    79 |   103 |    47 |     1 |     4 ||   234
       Constrict         |    15 |    21 |    34 |    56 |   119 ||   245
       Tentacles         |    16 |    17 |    28 |    69 |   150 ||   280
       Flail             |       |     8 |       |       |       ||     8
       Trident           |       |       |   168 |   522 |  1072 ||  1762
       Kick              |       |       |       |    25 |   289 ||   314
       Unarmed           |       |       |       |     3 |       ||     3
 Fire: Blowgun           |     5 |       |    22 |   100 |    48 ||   175
       Fustibalus        |       |       |       |       |    22 ||    22
Throw: Javelin           |       |       |     5 |     4 |     8 ||    17
 Cast: Conjure Flame     |       |       |       |     9 |    12 ||    21
       Swiftness         |       |       |       |       |     8 ||     8
       Invisibility      |       |       |       |       |     9 ||     9
Invok: Line Pass         |       |       |       |     2 |     1 ||     3
       Stomp             |       |       |       |     2 |     3 ||     5
       Grand Finale      |       |       |       |       |     1 ||     1
Evoke: Wand              |       |       |       |     1 |     1 ||     2
  Use: Scroll            |       |     5 |     7 |     7 |    15 ||    34
       Potion            |       |       |     2 |     6 |     7 ||    15
 Stab: Sleeping          |    10 |    24 |    29 |    29 |    50 ||   142
       Distracted        |       |     1 |     1 |     2 |    12 ||    16
       Paralysed         |       |       |    12 |    33 |    81 ||   126
       Invisible         |       |       |       |     1 |    32 ||    33
  Eat: Chunk             |       |     7 |    10 |    18 |    27 ||    62
       Ration            |       |       |       |     2 |     6 ||     8
Armor: Skin              |     3 |     4 |    23 |    48 |    39 ||   117
Dodge: Dodged            |    27 |    43 |   116 |   259 |   373 ||   818
Block: Buckler           |    12 |    14 |    27 |    91 |   119 ||   263

Table legend:
 A = Non-vault XP
 B = Vault XP
 C = Vault XP percentage of total XP
 D = Non-vault monster count
 E = Vault monster count
 F = Vault count percentage of total count
                 A         B        C        D         E       F
            +---------+---------+-------+---------+---------+-------
      Total |   61928 |   66212 |  51.7 |     423 |     283 |  40.1
            +---------+---------+-------+---------+---------+-------
        D:1 |      44 |       5 |  10.2 |      18 |       3 |  14.3
        D:2 |      93 |      36 |  27.9 |      22 |       1 |   4.3
        D:3 |      68 |       0 |   0.0 |      32 |       0 |   0.0
        D:4 |     128 |       0 |   0.0 |       7 |       0 |   0.0
        D:5 |     487 |     546 |  52.9 |      23 |      17 |  42.5
        D:6 |     716 |       2 |   0.3 |      19 |       2 |   9.5
        D:7 |    1150 |     639 |  35.7 |      17 |       3 |  15.0
        D:8 |    2278 |    1840 |  44.7 |      40 |      13 |  24.5
        D:9 |    3605 |     595 |  14.2 |      45 |      17 |  27.4
     Lair:1 |     684 |     978 |  58.8 |       4 |       8 |  66.7
     Lair:2 |    3790 |    4398 |  53.7 |      19 |       4 |  17.4
     Lair:3 |    4177 |    4845 |  53.7 |      22 |      40 |  64.5
     Lair:4 |    5912 |    3230 |  35.3 |      21 |       9 |  30.0
     Lair:5 |    5104 |    2865 |  36.0 |      23 |      16 |  41.0
     Lair:6 |    8444 |    9331 |  52.5 |      30 |      35 |  53.8
      Orc:1 |    1936 |    1600 |  45.2 |      31 |       8 |  20.5
      Orc:2 |    1229 |    6996 |  85.1 |      15 |      53 |  77.9
      Elf:1 |    7524 |    6088 |  44.7 |      10 |       9 |  47.4
      Elf:2 |   11992 |   22065 |  64.8 |      19 |      29 |  60.4
      Elf:3 |    2567 |       0 |   0.0 |       6 |       0 |   0.0
    Ossuary |       0 |     153 | 100.0 |       0 |      16 | 100.0
            +---------+---------+-------+---------+---------+-------
